 Dungeon Crawl Stone Soup version 0.29-a0-350-g7790a0e70a (webtiles) character file.

Game seed: 18335371612161027047

160 rabbitsville the Schismatic (level 5, -8/44 HPs)
             Began as a Palentonga Abyssal Knight on Apr 22, 2022.
             Was an Elder of Lugonu.
             Killed from afar by a white imp (10 damage)
             ... with a puff of frost
             ... on level 5 of the Dungeon.
             The game lasted 00:09:30 (2031 turns).

rabbitsville the Schismatic (PaAK)                  Turns: 2031, Time: 00:09:31

Health: -8/44      AC:  9    Str: 19    XL:     5   Next: 17%
Magic:  7/8        EV:  3    Int: 10    God:    Lugonu [****..]
Gold:   213        SH:  0    Dex: 10    Spells: 4/4 levels left

rFire   . . .      SeeInvis +   d - +1 hand axe (venom)
rCold   . . .      Faith    .   (no shield)
rNeg    . . .      Spirit   .   n - +0 plate armour
rPois   .          Reflect  .   s - +0 mask of the Dragon {Will+ Slay+3 SInv}
rElec   .          Harm     .   (no cloak)
rCorr   .          Rampage  .   q - +0 pair of gloves
Will    +....                   (no barding)
Stlth   ..........              k - amulet of magic regeneration
HPRegen 0.14/turn               (no ring)
MPRegen 0.51/turn               (no ring)

@: no status effects
A: large, rugged brown scales 3, see invisible, deformed body, roll 1, armoured
tail
a: Rolling Charge, Renounce Religion, Depart the Abyss, Bend Space, Banish,
Corrupt


You were on level 5 of the Dungeon.
You worshipped Lugonu.
Lugonu was greatly pleased with you.
You visited 1 branch of the dungeon, and saw 5 of its levels.
You visited the Abyss 1 time.

You collected 213 gold pieces.

Inventory:

Hand Weapons
 a - a +1 hand axe
 d - a +1 hand axe of venom (weapon)
Armour
 b - a +0 leather armour
 n - a +0 plate armour (worn)
 q - a +0 pair of gloves (worn)
 s - the +0 mask of the Dragon (worn) {Will+ Slay+3 SInv}
   (You found it on level 3 of the Dungeon)

   Slay:      It affects your accuracy & damage with ranged weapons and melee
   (+3).
   SInv:      It lets you see invisible.
   Will:      It increases your willpower.
Jewellery
 k - an amulet of magic regeneration (around neck)
Scrolls
 e - a scroll of enchant weapon {unknown}
 g - 3 scrolls of teleportation {unknown}
 h - 4 scrolls of identify {unknown}
 i - a scroll of summoning {unknown}
 l - 2 scrolls of blinking {unknown}
 o - 2 scrolls of fog {unknown}
 p - a scroll of noise {unknown}
Potions
 c - 2 potions of brilliance {unknown}
 f - a potion of ambrosia
 j - a potion of curing {unknown}
 m - a potion of degeneration {unknown}
 r - a potion of heal wounds {unknown}
 t - 2 potions of might {unknown}


   Skills:
 + Level 3.6 Fighting
 * Level 3.8 Axes
 - Level 1.5 Armour
 - Level 0.7 Dodging
 * Level 4.0 Invocations


You had 4 spell levels left.
You didn't know any spells.
Your spell library contained the following spells:

 Spells                   Type           Power      Damage    Failure   Level
 Sublimation of Blood     Necr           0%         N/A       100%        2
 Wereblood                Tmut           0%         N/A       100%        2
 Summon Hydra             Summ           0%         N/A       100%        7


Dungeon Overview and Level Annotations

Branches:
Dungeon (6/15)
 Temple: D:4-7

Altars:


Innate Abilities, Weirdness & Mutations

You are completely covered in rugged brown scales. (AC +3, +7% HP)
You have supernaturally acute eyesight. (SInv)
Armour fits poorly on your strangely shaped body.
You can roll at nearby foes to attack.
You have a long armoured tail.


Message History

There is a stone staircase leading up here.
You feel sick.
You climb upwards.
You feel sick. The orc hits you but does no damage. x2
The orc hits you with a +0 mace. The ice beast hits you.
The ice beast freezes you!
* * * LOW HITPOINT WARNING * * *
The orc barely misses you.
There is a stone staircase leading down, spattered with blood here.
Space bends violently around you!
You blink.
A jelly comes into view.
The orc blinks!
You feel sick.
The jelly quivers.
Okay, then.
You are too injured to fight recklessly!
Roll where?
Press: ? - help, Q - select action, (/) - cycle Dir - move target, f - orc
Aim: an orc, wielding a +0 hand axe, wearing a +0 ring mail and quivering boomerangs That's out of range!
Okay, then.
Okay, then.
You feel sick.
You are no longer poisoned.
Roll where?
Press: ? - help, Dir - move target, f - orc
Aim: an orc, wielding a +0 hand axe, wearing a +0 ring mail and quivering boomerangs You roll forward with a clatter of scales!
You hit the orc.
The orc is poisoned.
The orc is heavily wounded.
The orc completely misses you.
A quokka comes into view.
You kill the orc!
Lugonu accepts your kill.
A white imp comes into view.
You see here a +0 flail.
Okay, then.
Unknown command.
Space bends violently around you!
You blink.
The white imp gestures at you. The puff of frost hits you!
You die...

..........)........?.
..........5..........
.....................
.................r.
..................
................#
...............##
.......@........##
...........)§....##
............J°o...###
....#.........Y..##.#
#..
##.........o.##.###
..
#....[....#.o.....# .
#...#....##.[...###
##....#######.)>#
#..... ##..#


You could see an ice beast, a jelly, a white imp and an orc.

Vanquished Creatures
  An orc priest (D:5)
  A hound (D:5)
  4 adders
  A dart slug (D:1)
  7 orcs
  4 endoplasms
  2 giant cockroaches (D:1)
  A goblin (D:1)
  4 hobgoblins
  9 kobolds
  3 quokkas
  6 ball pythons
  6 bats (D:1)
  2 frilled lizards
  7 rats
58 creatures vanquished.

Vanquished Creatures (others)
  A plant (D:5)
1 creature vanquished.

Grand Total: 59 creatures vanquished

Notes
Turn   | Place    | Note
-------+----------+-------------------------------------------
     0 | Abyss:1  | rabbitsville the Palentonga Abyssal Knight began the quest
                  | for the Orb.
     0 | Abyss:1  | Reached XP level 1. HP: 19/19 MP: 2/2
    11 | D:1      | Escaped the Abyss
   113 | D:1      | Reached XP level 2. HP: 25/25 MP: 3/3
   193 | D:1      | Reached *** piety under Lugonu
   614 | D:1      | Reached XP level 3. HP: 31/31 MP: 5/5
   978 | D:2      | Reached skill level 3 in Invocations
  1815 | D:3      | Found the +0 mask of the Dragon {Will+ Slay+3 SInv}
  1850 | D:3      | Reached XP level 4. HP: 37/37 MP: 6/6
  1918 | D:3      | You fall into a shaft and drop 3 floors!
  1925 | D:5      | Entered Level 5 of the Dungeon
  1950 | D:5      | Noticed an ice beast
  1961 | D:5      | Reached XP level 5. HP: 37/43 MP: 7/7
  2006 | D:6      | Reached skill level 4 in Invocations
  2012 | D:6      | Reached **** piety under Lugonu
  2015 | D:6      | Noticed a water moccasin
  2031 | D:5      | Killed from afar by a white imp

Illustrated notes

Levels and vault maps discovered:
D:1:      eino_arrival_water_star, layout_basic
D:2:      layout_basic, minmay_indecisive_spiral
D:3:      layout_basic, nicolae_dithmenos_through_a_glass_darkly,
          minmay_misc_feat_plants, grunt_decor_resistance
D:5:      corexii_shack_village, layout_cave_pools, fedhas_altar_2,
          kennysheep_generic_room_4, uniq_menkaure, uniq_duvessa
D:6:      layout_loops_ring, temple_hall, minmay_crystal_room

Skill      XL: |  1  2  3  4  5 |
---------------+----------------+-----
Invocations    | 3 4 |  4.0
Axes           | 3 |  3.8
Fighting       | |  3.6
Armour         | |  1.5
Dodging        | |  0.7

Action                   |  1- 3 |  4- 6 || total
-------------------------+-------+-------++-------
Melee: Hand axe          |   109 |    22 ||   131
       Tailslap          |     7 |     2 ||     9
Invok: Bend Space        |       |     3 ||     3
 Abil: Rolling Charge    |    31 |     8 ||    39
  Use: Potion            |     1 |       ||     1
Armor: Leather armour    |    42 |       ||    42
       Plate armour      |     2 |    14 ||    16
Dodge: Dodged            |    55 |     8 ||    63

Table legend: (Time is in decaauts)
 A = Elapsed time spent in this place.
 B = Non-inter-level travel time spent in this place.
 C = Inter-level travel time spent in this place.
 D = Time resting spent in this place.
 E = Time spent auto-exploring this place.
 F = Levels seen in this place.
 G = Mean time per level.
                   A        B        C        D        E       F      G
               +--------+--------+--------+--------+--------+-----+--------+
         Total |   2055 |   2016 |     39 |    177 |   1333 |   6 |  342.5 |
       Dungeon |   2044 |   2005 |     39 |    177 |   1333 |   5 |  408.8 |
         Abyss |     11 |     11 |      0 |      0 |      0 |   1 |   11.0 |
               +--------+--------+--------+--------+--------+-----+--------+

Top non-repeatable levels by time:
     D:1: 892 daAuts
     D:2: 838 daAuts
     D:3: 196 daAuts
     D:5: 60 daAuts
     D:6: 56 daAuts
 Abyss:1: 11 daAuts
